 Dungeon Crawl Stone Soup version 0.20-a0-277-g7db01f4 (webtiles) character file.

373 tbh1313 the Cudgeler (level 6, -1/50 HPs)
             Began as a Minotaur Gladiator on Dec 11, 2016.
             Was an Initiate of Okawaru.
             Slain by a wight
             ... wielding a +3 flail of freezing
              (8 damage)
             ... on level 4 of the Dungeon.
             The game lasted 00:05:22 (2595 turns).

tbh1313 the Cudgeler (Minotaur Gladiator)           Turns: 2595, Time: 00:05:23

Health: -1/50      AC: 12    Str: 20    XL:     6   Next: 43%
Magic:  5/5        EV: 11    Int:  7    God:    Okawaru [......]
Gold:   317        SH:  0    Dex: 10    Spells: 5/5 levels left

rFire  + . .     SeeInvis .     a - +1 flail
rCold  . . .     Gourm    .     h - +3 ring mail
rNeg   . . .     Faith    .     (no shield)
rPois  .         Spirit   .     c - +0 hat
rElec  .         Reflect  .     (no cloak)
rCorr  .         Harm     .     y - +2 pair of gloves
MR     .....                    n - +0 pair of boots
Stlth  ..........               (no amulet)
                                (no ring)
                                g - ring of protection from fire

@: drained
A: retaliatory headbutt, horns 2
a: Renounce Religion


You were on level 4 of the Dungeon.
You worshipped Okawaru.
Okawaru was noncommittal.
You were hungry.

You visited 2 branches of the dungeon, and saw 5 of its levels.

You collected 317 gold pieces.


Innate Abilities, Weirdness & Mutations

You reflexively headbutt those who attack you in melee.
You have a pair of horns on your head.


   Skills:
 - Level 2.4(1.4) Fighting
 * Level 7.7(6.5) Maces & Flails
 - Level 2.0(1.0) Throwing
 - Level 3.1(2.1) Armour
 + Level 4.0(2.9) Dodging


You had 5 spell levels left.
You didn't know any spells.

Dungeon Overview and Level Annotations

Branches:
Dungeon (4/15)             Temple (1/1) D:4

Altars:
Cheibriados
Elyvilon
Okawaru
Trog

Inventory:

Hand Weapons
 a - a +1 flail (weapon)
Missiles
 d - 3 throwing nets (quivered)
Armour
 c - a +0 hat (worn)
 h - a +3 ring mail (worn)
 n - a +0 pair of boots (worn)
 y - a +2 pair of gloves (worn)
Jewellery
 g - a ring of protection from fire (left hand)
Scrolls
 i - 4 scrolls of remove curse
 q - a scroll of teleportation
Potions
 b - 4 potions of heal wounds
 e - a potion of haste {unknown}
 j - 2 potions of mutation
 k - a potion of lignification {unknown}
 l - a potion of beneficial mutation {unknown}
 m - a potion of agility {unknown}
 p - a potion of cure mutation {unknown}
 s - a potion of degeneration {unknown}
 v - a potion of cancellation {unknown}
Comestibles
 f - 4 bread rations
 o - 6 fruits
 r - a meat ration
 x - a beef jerky

#..... #.... ####+#....
########## .........#
#......... .........#
#......... .........#
#......... .........+
#.........
.......)z#######(........
########@).......##'#####
#.........#.......
#.........#.......
#.........#.......
#.........#.......
#############.........#)##..##
#............######'###.##..##
#..........#..................
#..........#..................


You could see a wight.


Message History

q - a scroll of teleportation 2 wights come into view.
There are monsters nearby!
There are monsters nearby!
A wight comes into view. It is wielding a flail of freezing.
The wight closely misses you. You furiously retaliate!
You headbutt the wight, but do no damage.
You sock the wight!
The wight is heavily damaged.
The wight hits you with an enchanted flail.
Okay, then.
A wight is nearby!
The wight hits you with an enchanted halberd!
You closely miss the wight. The wight completely misses you.
You hit the wight.
The wight is lightly damaged.
The wight barely misses you.
The wight hits you with an enchanted halberd.
You feel drained.
You barely miss the wight.
The wight is lightly damaged.
The wight hits you but does no damage.
The wight hits you with an enchanted halberd.
Okay, then.
You hit the wight. Your headbutt misses the wight.
The wight is heavily damaged.
You hit the wight but do no damage.
The wight is heavily damaged.
The wight closely misses you. You furiously retaliate!
You headbutt the wight, but do no damage.
The wight hits you with an enchanted flail.
You feel drained.
You sock the wight!
You destroy the wight!
Okawaru accepts your kill.
You are feeling hungry.
The wight barely misses you. The wight closely misses you.
You completely miss the wight. Your headbutt misses the wight.
The wight is heavily damaged.
The wight barely misses you.
You hit the wight.
The wight is severely damaged.
The wight hits you with an enchanted flail.
* * * LOW HITPOINT WARNING * * *
You feel drained.
* * * LOW HITPOINT WARNING * * *
The wight hits you with a flail of freezing.
* * * LOW HITPOINT WARNING * * *
The wight freezes you.
* * * LOW HITPOINT WARNING * * *
You thump the wight!
You destroy the wight!
Okawaru accepts your kill.
Your base Dodging skill increases to level 4!
The wight hits you with a flail of freezing.
* * * LOW HITPOINT WARNING * * *
You feel drained. The wight freezes you.
* * * LOW HITPOINT WARNING * * *
You hit the wight.
The wight is moderately damaged.
The wight hits you with a flail of freezing!
* * * LOW HITPOINT WARNING * * *
You feel drained.
* * * LOW HITPOINT WARNING * * *
The wight freezes you.
* * * LOW HITPOINT WARNING * * *
You barely miss the wight.
The wight is moderately damaged.
The wight hits you with a flail of freezing!
You die...

Vault maps used:
D:1:      lightli_arrival_boilingwater, kennysheep_boxes
D:2:      kennysheep_six_static_rooms, eino_tiny_chamber
D:3:      first_bread
D:4:      nicolae_ru_awakened_eye
Temple:   dpeg_five_rooms_temple

Notes
Turn   | Place    | Note
-------+----------+-------------------------------------------
     0 | D:1      | tbh1313 the Minotaur Gladiator began the quest for the Orb.
     0 | D:1      | Reached XP level 1. HP: 18/18 MP: 0/0
    26 | D:1      | Reached skill level 4 in Maces & Flails
    61 | D:1      | Reached XP level 2. HP: 24/25 MP: 1/1
   554 | D:1      | Reached skill level 1 in Armour
   566 | D:1      | Reached XP level 3. HP: 29/30 MP: 2/2
   748 | D:2      | Reached skill level 5 in Maces & Flails
  1154 | D:2      | Reached XP level 4. HP: 36/37 MP: 3/3
  1442 | D:2      | Reached skill level 2 in Armour
  1793 | D:3      | Noticed a bullfrog
  1799 | D:3      | Killed a bullfrog
  1799 | D:3      | Reached skill level 6 in Maces & Flails
  1799 | D:3      | Reached XP level 5. HP: 36/42 MP: 4/4
  2000 | D:3      | Reached skill level 3 in Armour
  2132 | D:3      | Reached skill level 7 in Maces & Flails
  2143 | D:3      | Reached XP level 6. HP: 48/50 MP: 5/5
  2478 | D:4      | Found a staircase to the Ecumenical Temple.
  2489 | Temple   | Entered the Ecumenical Temple
  2527 | Temple   | Became a worshipper of Warmaster Okawaru
  2593 | D:4      | Reached skill level 4 in Dodging
  2594 | D:4      | HP: 10/50 [wight/flail of freezing (8)]
  2595 | D:4      | Slain by a wight

Vanquished Creatures
  A bullfrog (D:3)
  2 wights (D:4)
  A hound (D:3)
  An orc wizard (D:3)
  A worker ant (D:4)
  4 adders (D:2)
  An ooze (D:3)
  A worm (D:2)
  3 dart slugs
  3 leopard geckos
  9 orcs (D:3)
  10 bats
  6 giant cockroaches
  9 goblins
  8 hobgoblins
  A jackal (D:2)
  7 kobolds
  3 quokkas
  2 ball pythons (D:3)
  6 frilled lizards
  7 rats
86 creatures vanquished.

Action                   |  1- 3 |  4- 6 || total
-------------------------+-------+-------++-------
Melee: Flail             |    82 |   107 ||   189
       Headbutt          |    13 |     9 ||    22
  Use: Scroll            |     6 |     5 ||    11
  Eat: Chunk             |     1 |     4 ||     5
Armor: Leather armour    |     8 |       ||     8
       Ring mail         |    40 |    34 ||    74
Dodge: Dodged            |    69 |    76 ||   145
